 Dungeon Crawl Stone Soup version 0.30.1-11-g7821555f0a (webtiles) character file.

Game seed: 2929581307168682318

164 jagang the Trooper (level 5, 0/42 HPs)
             Began as a Human Monk on Dec 27, 2023.
             Killed by divine providence
             ... invoked by an orc priest
              (13 damage)
             ... on level 3 of the Dungeon.
             The game lasted 00:05:38 (2971 turns).

jagang the Trooper (Human Monk)                     Turns: 2971, Time: 00:05:38

Health: 0/42       AC: 10    Str: 11    XL:     5   Next: 73%
Magic:  5/5        EV:  6    Int: 11    God:
Gold:   112        SH:  0    Dex: 17    Spells: 4/4 levels left

rFire   . . .        o - +0 long sword
rCold   . . .        d - orb {light}
rNeg    . . .        f - +0 chain mail
rPois   .            (no helmet)
rElec   .            (no cloak)
rCorr   .            i - +0 pair of gloves
SInv    .            (no boots)
Will    .....        (no amulet) Stlth
                     (no ring)
HPRegen 0.27/turn    (no ring)
MPRegen 0.09/turn

%: no passive effects
@: glowing
A: no striking features
a: no special abilities


You were on level 3 of the Dungeon.
You visited 1 branch of the dungeon, and saw 4 of its levels.

You collected 209 gold pieces.
You spent 97 gold pieces at shops.

Inventory:

Hand Weapons
 a - a +0 falchion
 o - a +0 long sword (weapon)
Missiles
 q - 3 boomerangs (quivered)
Armour
 d - an orb of light (worn)
 f - a +0 chain mail (worn)
 i - a +0 pair of gloves (worn)
Scrolls
 e - 2 scrolls of teleportation
 g - 2 scrolls of fog
 h - a scroll of immolation
 j - a scroll of enchant weapon {unknown}
 l - a scroll of blinking
 r - a scroll of enchant armour {unknown}
 s - a scroll of brand weapon {unknown}
Potions
 b - a potion of mutation {unknown}
 c - a potion of ambrosia
 k - a potion of flight {unknown}
 m - a potion of heal wounds {unknown}
 n - a potion of curing {unknown}
 p - 3 potions of cancellation {unknown}


   Skills:
 + Level 4.2 Fighting
 + Level 4.2 Long Blades
 + Level 2.6 Armour
 - Level 3.0 Dodging


You had 4 spell levels left.
You didn't know any spells.
Your spell library contained the following spells:

 Spells                   Type           Power      Damage    Failure   Level
 Freeze                   Ice            0%         1d3       100%        1
 Dazzling Flash           Conj/Hex       0%         N/A       100%        3
 Frozen Ramparts          Ice            0%         1d1       100%        3
 Hailstorm                Conj/Ice       0%         3d3       100%        3
 Volatile Blastmotes      Fire/Tloc      0%         2d10      100%        3
 Iskenderun's Mystic Bla  Conj/Tloc      0%         2d3       100%        4
 Starburst                Conj/Fire      0%         6d3       100%        6


Dungeon Overview and Level Annotations

Branches:
Dungeon (4/15)
 Temple: D:4-7

Altars:
Wu Jian

Shops:
D:1 *   D:2 (   D:4 =


Message History

There is a stone staircase leading down here.
You hit the orc priest.
The orc priest is lightly wounded.
The orc priest hits you with a +0 war axe.
The orc priest barely misses you.
You hit the orc priest but do no damage.
The orc priest is lightly wounded.
The orc priest hits you but does no damage.
You hit the orc priest but do no damage.
The orc priest is lightly wounded.
The orc priest calls down the wrath of Beogh upon you.
You barely resist. You hit the orc priest.
The orc priest is heavily wounded.
The orc priest barely misses you.
You hit the orc priest but do no damage.
The orc priest is heavily wounded.
The orc priest hits you with a +0 war axe.
You hit the orc priest but do no damage.
The orc priest is heavily wounded.
The orc priest barely misses you. x2
You barely miss the orc priest.
The orc priest is heavily wounded.
The orc priest barely misses you.
You completely miss the orc priest.
The orc priest is heavily wounded.
The orc priest completely misses you.
You hit the orc priest.
The orc priest is almost dead.
The orc priest hits you with a +0 war axe.
You hit the orc priest but do no damage.
The orc priest is almost dead.
The orc priest invokes the aid of Beogh against you.
Beogh smites you!
You are too injured to fight recklessly!
You barely miss the orc priest.
The orc priest is almost dead.
The orc priest calls down the wrath of Beogh upon you.
Beogh smites you!
You die...

##### #...
#######...
#........
#........
#.......#######
.
#..............
..
#.....o@.......
..
#.......#######
#.......#
#.......#
#.......#
####.###. #. .
#. .


You could see an orc priest.

Vanquished Creatures
  An orc priest (D:4)
  An iguana (D:4)
  3 adders
  2 worms (D:2)
  3 dart slugs
  6 orcs (D:4)
  7 ball pythons
  8 endoplasms
  3 giant cockroaches
  3 goblins (D:4)
  5 hobgoblins
  A jackal (D:1)
  3 quokkas
  2 frilled lizards
  10 kobolds
  3 rats
61 creatures vanquished.

Notes
Turn   | Place    | Note
-------+----------+-------------------------------------------
     0 | D:1      | jagang the Human Monk began the quest for the Orb.
     0 | D:1      | Reached XP level 1. HP: 18/18 MP: 1/1
     6 | D:1      | Found Zuxzi's General Store.
   179 | D:1      | Reached XP level 2. HP: 24/24 MP: 2/2
   240 | D:1      | Bought a scroll of identify for 20 gold pieces
   286 | D:1      | Reached skill level 1 in Armour
   292 | D:1      | Found a faded altar of an unknown god.
   473 | D:1      | Reached XP level 3. HP: 29/29 MP: 3/3
  1245 | D:2      | Found Xitiugg's Antique Weapon Shop.
  1272 | D:2      | Reached XP level 4. HP: 35/36 MP: 4/4
  1499 | D:2      | Bought a long sword for 77 gold pieces
  2117 | D:3      | You fall into a shaft and drop 1 floor!
  2205 | D:4      | Reached XP level 5. HP: 27/42 MP: 5/5
  2498 | D:4      | Found an ornate altar of the Wu Jian Council.
  2875 | D:4      | Found Luelatre's Jewellery Boutique.
  2971 | D:3      | Killed from afar by an orc priest

Illustrated notes

Levels and vault maps discovered:
D:1:      lightli_arrival_boilingwater, layout_loops_cross, serial_shops,
          nicolae_shop_tiny_glass, ebering_ecumenical_altar_box,
          serial_bayou_pond_b
D:2:      layout_basic, serial_shops, shop
D:3:      layout_basic, grunt_temple_overflow_open
D:4:      nicolae_cairo_tiling_large_dashed, layout_basic, lemuel_crystal_altar,
          serial_shops, nicolae_square_shop, kennysheep_generic_room_14

Skill      XL: |  1  2  3  4  5 |
---------------+----------------+-----
Armour         | 1 2 |  2.6
Fighting       | 4 |  4.2
Long Blades    | 4 |  4.2
Dodging        | |  3.0

Action                     |  1- 3 |  4- 6 || total
---------------------------+-------+-------++-------
  Melee: Falchion          |    99 |     1 ||   100
         Long sword        |       |    79 ||    79
  Throw: Throwing net      |       |     1 ||     1
    Use: Scroll            |     1 |     3 ||     4
 Armour: Robe              |    14 |       ||    14
         Chain mail        |    19 |    41 ||    60
  Dodge: Dodged            |    42 |    29 ||    71
